 Dungeon Crawl Stone Soup version 0.29.1-13-g9f3cf754e1 (webtiles) character file.

Game seed: 4222280222175638051

30 theswoord the Trooper (level 3, -1/29 HPs)
             Began as a Demonspawn Fighter on Feb 1, 2023.
             Succumbed to a kobold's poison
             ... on level 2 of the Dungeon.
             The game lasted 00:02:38 (1204 turns).

theswoord the Trooper (Demonspawn Fighter)          Turns: 1204, Time: 00:02:38

Health: -1/29      AC:  9    Str: 18    XL:     3   Next: 5%
Magic:  3/3        EV:  6    Int:  9    God:
Gold:   54         SH:  5    Dex: 12    Spells: 2/2 levels left

rFire   . . .      SeeInvis .   a - +1 war axe
rCold   . . .      Faith    .   c - +1 buckler
rNeg    . . .      Spirit   .   j - +0 chain mail
rPois   .          Reflect  .   (no helmet)
rElec   .          Harm     .   (no cloak)
rCorr   .          Rampage  .   (no gloves)
Will    .....                   (no boots)
Stlth   ..........              (no amulet)
HPRegen 0.09/turn               (no ring)
MPRegen 0.08/turn               (no ring)

@: lethally poisoned (-1 -> -13)
A: powered by pain 1, demonic touch 1
a: no special abilities


You were on level 2 of the Dungeon.
You visited 1 branch of the dungeon, and saw 2 of its levels.

You collected 54 gold pieces.

Inventory:

Hand Weapons
 a - a +1 war axe (weapon)
Armour
 b - a +0 scale mail
 c - a +1 buckler (worn)
 j - a +0 chain mail (worn)
Scrolls
 f - a scroll of summoning
 g - a scroll of enchant weapon
Potions
 d - a potion of might
 e - a potion of haste {unknown}
 i - a potion of heal wounds {unknown}
 k - a potion of attraction {unknown}


   Skills:
 - Level 3.2 Fighting
 + Level 2.4 Axes
 - Level 3.0 Armour
 - Level 3.0 Shields


You had 2 spell levels left.
You didn't know any spells.
Your spell library was empty.

Dungeon Overview and Level Annotations

Branches:
Dungeon (2/15)

Altars:


Innate Abilities, Weirdness & Mutations

You sometimes gain a little power by taking damage.
Your touch may inflict minor irresistible damage on your foes.


Message History

You hit the hobgoblin.
The hobgoblin is moderately wounded.
You block the hobgoblin's attack.
You slash the hobgoblin!
You kill the hobgoblin!
No target in view!
No target in view!
A rat comes into view.
A rat is nearby!
A rat is nearby!
Found a short sword.
The rat bites you but does no damage.
You slash the rat!
You kill the rat!
No target in view!
No target in view!
You see here a +0 short sword.
e - a silvery potion A kobold comes into view.
It is wielding the +5 whip "Newtbane" {venom, *Rage rPois Str-2 Int+4}.
A kobold is nearby!
A kobold is nearby!
A kobold is nearby!
The kobold shouts!
You hear a shout!
You see here 11 gold pieces.
The kobold hits you with the +5 whip "Newtbane" {venom, *Rage rPois Str-2 Int+4}.
You are poisoned.
You closely miss the kobold.
You feel very sick.
The kobold hits you with the +5 whip "Newtbane" {venom, *Rage rPois Str-2 Int+4}.
A kobold comes into view. It is wielding a +0 short sword.
The kobold hits you with the +5 whip "Newtbane" {venom, *Rage rPois Str-2 Int+4}.
You are lethally poisoned!
You barely miss the kobold.
* * * LOW HITPOINT WARNING * * *
You feel very sick.
The kobold goes berserk!
The kobold hits you with the +5 whip "Newtbane" {venom, *Rage rPois Str-2 Int+4}!
* * * LOW HITPOINT WARNING * * *
You slash the kobold!
You kill the kobold!
You die...

#........##############
#..#......# #...
.###..#.##.#.# #.##
.........#.#.# ####.##
.......)...#.. #......
......#.####### #######
..#...........##. .
#.###.#$....... #.
###@###.##. # #)# #K.
.... .?... #######


You could see a kobold.

Vanquished Creatures
  An adder (D:2)
  A dart slug (D:1)
  A ball python (D:2)
  An endoplasm (D:2)
  A giant cockroach (D:2)
  A goblin (D:2)
  4 hobgoblins
  3 jackals (D:1)
  A kobold (D:2)
  A frilled lizard (D:1)
  3 rats
18 creatures vanquished.

Vanquished Creatures (collateral kills)
  A frilled lizard (D:2)
1 creature vanquished.

Grand Total: 19 creatures vanquished

Notes
Turn   | Place    | Note
-------+----------+-------------------------------------------
     0 | D:1      | theswoord the Demonspawn Fighter began the quest for the
                  | Orb.
     0 | D:1      | Reached XP level 1. HP: 18/18 MP: 1/1
   224 | D:1      | Gained mutation: You sometimes gain a little power by
                  | taking damage. [demonic ancestry]
   224 | D:1      | Reached XP level 2. HP: 16/24 MP: 2/2
  1060 | D:2      | Gained mutation: Your touch may inflict minor irresistible
                  | damage on your foes. [demonic ancestry]
  1060 | D:2      | Reached XP level 3. HP: 24/29 MP: 3/3
  1199 | D:2      | Identified the +5 whip "Newtbane" {venom, *Rage rPois Str-2
                  | Int+4}
  1204 | D:2      | Succumbed to a kobold's poison

Skill      XL: |  1  2 |
---------------+-------+-----
Axes           | 2 |  2.4
Armour         | 3 |  3.0
Shields        | 3 |  3.0
Fighting       | |  3.2

Action                   || total
-------------------------++-------
Melee: War axe           ||    50
  Use: Scroll            ||     4
       Potion            ||     1
Armor: Scale mail        ||     8
       Chain mail        ||    12
Dodge: Dodged            ||    16
Block: Buckler           ||    15

Levels and vault maps discovered:
D:1:      dpeg_arrival_castle, layout_loops_cross
D:2:      layout_basic, chequers_ecumenical_altar_twisty, basic_altar
